 Dungeon Crawl Stone Soup version 0.31-a0-868-g674d60d6f7 (webtiles) character file.

Game seed: 16812540134159769170

1661 lunkers the Martial Artist (level 9, -2/68 HPs)
             Began as a Meteoran Shapeshifter on Oct 11, 2023.
             Was a Priest of Jiyva.
             Slain by an orc
             ... wielding a +1 vampiric whip
              (4 damage)
             ... on level 5 of the Dungeon.
             The game lasted 00:07:09 (2213 turns).

lunkers the Martial Artist (Meteoran Shapeshifter)  Turns: 2213, Time: 00:07:09

Health: -2/68      AC:  7    Str: 17    XL:     9   Next: 43%
Magic:  10/10      EV: 13    Int: 12    God:    Jiyva [***...]
Gold:   147        SH:  0    Dex: 17    Spells: 8/8 levels left

rFire   . .          .
                       - Unarmed
rCold   . . .        (shield currently unavailable)
rNeg    . . .        n - +1 animal skin
rPois   .            o - +2 helmet
rElec   .            k - +0 cloak
rCorr   +            (no gloves)
SInv    .            (no boots)
Will    ++...        (no amulet)
Stlth   +            t - ring of willpower
HPRegen 1.43/turn    (no ring)
MPRegen 0.47/turn

%: no passive effects
@: flux-form, glowing
A: glow, contaminating, sense surroundings 2, otherworldly, glowing, explore
regen
a: Begin Untransformation, Renounce Religion, Oozemancy


You were on level 5 of the Dungeon.
You worshipped Jiyva.
Jiyva was most pleased with you.
You were something dangerously unstable.
You visited 1 branch of the dungeon, and saw 5 of its levels.

You collected 147 gold pieces.

Inventory:

Armour
 a - a +0 animal skin
 h - a +0 helmet
 k - a +0 cloak (worn)
 n - a +1 animal skin (worn)
 o - a +2 helmet (worn)
 u - a +0 leather armour
Jewellery
 t - a ring of willpower (left hand)
Talismans
 c - a beast talisman
 d - a flux talisman (active)
 f - a granite talisman
Wands
 b - a wand of quicksilver (9)
Scrolls
 e - a scroll of summoning {unknown}
 j - a scroll of teleportation {unknown}
 l - a scroll of identify {unknown}
 p - 2 scrolls of vulnerability {unknown}
 r - a scroll of enchant armour {unknown}
 s - a scroll of immolation {unknown}
Potions
 g - a potion of curing {unknown}
 i - 2 potions of might {unknown}
 m - a potion of ambrosia {unknown}
 q - a potion of mutation {unknown}


   Skills:
 + Level 2.9 Fighting
 + Level 3.5 Dodging
 * Level 10.8 Unarmed Combat
 + Level 7.6 Shapeshifting


You had 8 spell levels left.
You didn't know any spells.
Your spell library contained the following spells:

 Spells                   Type           Power      Damage    Failure   Level
 Sting                    Tmut/Pois      0%         1d3       32%         1
 Poisonous Vapours        Pois/Air       0%         N/A       45%         2
 Olgreb's Toxic Radiance  Pois           0%         N/A       97%         4


Dungeon Overview and Level Annotations

Branches:
Dungeon (5/15) Zot: 803
 Temple: D:4-7

Altars:
Ashenzari
Sif Muna
The Shining One
Jiyva

Annotations:
D:3 3 runed translucent doors


Innate Abilities, Weirdness & Mutations

You are something dangerously unstable.
You glow with magical radiation, making you easy to see and hit.
Foes you strike become dangerously contaminated with magical radiation.
You are incapable of wielding weapons or throwing items.
You passively map the area around you.
You are easily found by Zot.
You glow in the dark.
You regain HP and MP as you explore.


Message History

Menkaure, Prince of Dust comes into view.
Menkaure grins.
An orc comes into view. It is wielding a +1 vampiric whip.
An orc and an orc priest come into view.
Found a scroll labelled TIZAUL RASUST.
The orc shouts!
The orc priest shouts!
Menkaure calls on the powers of darkness!
The orc convulses!
Your body is wracked with pain!
* * * LOW HITPOINT WARNING * * *
The orc convulses!
The orc priest convulses!
The orc convulses!
You punch the orc!
You kill the orc!
Menkaure gestures at you while chanting.
Pain shoots through your body!
* * * LOW HITPOINT WARNING * * *
The orc priest invokes the aid of Beogh against you.
You resist with almost no effort.
Things that are here:
a +0 hand axe; an orc corpse You hit Menkaure.
Menkaure begins to glow.
Menkaure is lightly damaged.
Menkaure hits you!
* * * LOW HITPOINT WARNING * * *
You hit Menkaure.
Menkaure glows dangerously bright.
Menkaure is moderately damaged.
The orc hits you with a +1 vampiric whip.
* * * LOW HITPOINT WARNING * * *
Menkaure hits you!
* * * LOW HITPOINT WARNING * * *
You hit Menkaure but do no damage.
Menkaure shudders as magic cascades through him!
You destroy Menkaure!
The orc priest calls down the wrath of Beogh upon you.
Beogh smites you!
* * * LOW HITPOINT WARNING * * *
You hit the orc.
The orc begins to glow.
The orc is severely wounded.
The orc hits you but does no damage.
The orc hits you with a +1 vampiric whip.
You die...

**'*** ,
#......
#...... ,
#.?....## ,
* #.......#*
,* #.......#
* * *
#.....o.# ,
, ,, ',
......oo# *
* * , ** * *
*#p#
###.#######
#..........,
#.#.##..###
#.#.# .#
#)#.# , #
#.#.#* ,* **
#.#.# , , ,*
#.#.# , ** *


You could see an orc priest and 2 orcs.

Vanquished Creatures
  Pikel (D:4)
  Grinder (D:3)
  Sigmund (D:3)
  Eustachio (D:4)
  Menkaure (D:5)
  Edmund (D:5)
  A black bear (D:5)
  An ogre (D:5)
  3 lemures (D:4)
  A phantom (D:5)
  2 scorpions
  An iguana (D:5)
  An orc wizard (D:5)
  A sleepcap (D:4)
  Robin (D:3)
  3 adders
  A white imp (D:5)
  A worm (D:2)
  5 orcs (D:5)
  A bat (D:3)
  3 endoplasms
  4 giant cockroaches
  15 goblins
  6 hobgoblins
  7 kobolds
  A ball python (D:1)
  6 rats
71 creatures vanquished.

Vanquished Creatures (others)
  The ghost of CowFu the Vexing, an amateur GnHs (D:3)
  Duvessa (D:4)
  2 scorpions
  Dowan (D:4)
  2 jellies
  An orc wizard (D:4)
  A dart slug (D:3)
  An endoplasm (D:3)
  An orc (D:3)
  A ball python (D:3)
  A hobgoblin (D:4)
  A quokka (D:4)
14 creatures vanquished.

Grand Total: 85 creatures vanquished

Notes
Turn   | Place    | Note
-------+----------+-------------------------------------------
     0 | D:1      | lunkers the Meteoran Shapeshifter began the quest for the
                  | Orb.
     0 | D:1      | Reached XP level 1. HP: 16/16 MP: 2/2
    96 | D:1      | Reached XP level 2. HP: 21/23 MP: 3/3
    97 | D:1      | Reached skill level 4 in Unarmed Combat
   403 | D:2      | Found a glowing golden altar of the Shining One.
   419 | D:2      | Reached XP level 3. HP: 26/28 MP: 4/4
   538 | D:3      | Noticed Robin
   548 | D:3      | HP: 1/28 [goblin/+0 club[Robin] (5)]
   578 | D:2      | Reached XP level 4. HP: 10/35 MP: 5/5
   660 | D:2      | Found a faded altar of an unknown god.
   665 | D:2      | Prayed at the altar of an unknown god.
   665 | D:2      | Became a worshipper of Jiyva Jaxef the Shapeless
   665 | D:2      | Reached * piety under Jiyva
   937 | D:3      | Noticed Sigmund
   949 | D:3      | Killed Sigmund
   950 | D:3      | Reached skill level 6 in Unarmed Combat
   950 | D:3      | Reached skill level 5 in Shapeshifting
   950 | D:3      | Reached XP level 5. HP: 25/40 MP: 6/6
   950 | D:3      | Reached XP level 6. HP: 29/47 MP: 7/7
  1116 | D:3      | Reached ** piety under Jiyva
  1171 | D:3      | Killed Robin
  1208 | D:3      | Noticed Grinder
  1211 | D:3      | Paralysed by Grinder for 3 turns
  1221 | D:3      | Paralysed by Grinder for 3 turns
  1229 | D:3      | Killed Grinder
  1230 | D:3      | Reached skill level 7 in Unarmed Combat
  1230 | D:3      | Reached XP level 7. HP: 17/52 MP: 8/8
  1287 | D:3      | Found a broken altar of Ashenzari.
  1292 | D:3      | Killed CowFu's ghost
  1330 | D:3      | Found a runed translucent gate.
  1331 | D:3      | Found a runed translucent gate.
  1331 | D:3      | Found a runed translucent gate.
  1570 | D:4      | Noticed Eustachio
  1587 | D:4      | Killed Eustachio
  1588 | D:4      | Reached skill level 8 in Unarmed Combat
  1660 | D:4      | Noticed Pikel
  1664 | D:4      | Reached XP level 8. HP: 46/59 MP: 9/9
  1713 | D:4      | Killed Pikel
  1714 | D:4      | Reached skill level 9 in Unarmed Combat
  1818 | D:4      | Killed Dowan
  1831 | D:4      | Killed Duvessa
  1885 | D:4      | Found a shimmering blue altar of Sif Muna.
  1912 | D:5      | Entered Level 5 of the Dungeon
  1975 | D:5      | Reached skill level 10 in Unarmed Combat
  1979 | D:5      | Gained mutation: You passively map the area around you.
                  | [Meteoran growth]
  1979 | D:5      | Reached XP level 9. HP: 31/66 MP: 10/10
  1984 | D:5      | Reached *** piety under Jiyva
  2030 | D:5      | Noticed Edmund
  2038 | D:5      | Killed Edmund
  2204 | D:5      | Noticed Menkaure
  2212 | D:5      | Killed Menkaure
  2212 | D:5      | HP: 1/68 [orc priest/divine providence (15)]
  2213 | D:5      | Slain by an orc

Illustrated notes

Levels and vault maps discovered:
D:1:      saegor_arrival_simple_d, layout_basic
D:2:      layout_loops_ring, chequers_ecumenical_altar_lobes, basic_altar,
          hangedman_decor_growths, serial_bayou_lagoon_b
D:3:      minmay_door_path, layout_basic, lemuel_round_altar,
          ebering_ghost_rock_garden, serial_aquarium, aquarium_bridge_square
          [aquarium_subvault_window, aquarium_subvault_wall,
          aquarium_subvault_wall, aquarium_subvault_bridge],
          aquarium_bridge_square [aquarium_subvault_window,
          aquarium_subvault_bridge, aquarium_subvault_wall,
          aquarium_subvault_bridge], aquarium_window_corridor_1,
          aquarium_window_fake, aquarium_view_2e, aquarium_view_2b,
          aquarium_balcony_5a, uniq_sigmund, uniq_grinder, uniq_robin
D:4:      layout_loops_cross, led_sif_book, uniq_eustachio, uniq_pikel,
          uniq_duvessa
D:5:      layout_basic, uniq_menkaure, uniq_edmund

Skill      XL: |  1  2  3  4  5  6  7  8  9 |
---------------+----------------------------+-----
Unarmed Combat | 4 6 7 8 10 | 10.8
Shapeshifting  | 4 5 6 7 |  7.6
Fighting       | 2 |  2.9
Dodging        | 3 |  3.5

Action                     |  1- 3 |  4- 6 |  7- 9 || total
---------------------------+-------+-------+-------++-------
  Melee: Unarmed           |    58 |    32 |   140 ||   230
         Punch             |       |     1 |     2 ||     3
  Evoke: Wand              |       |       |     3 ||     3
    Use: Potion            |       |       |     1 ||     1
 Armour: Animal skin       |    22 |    22 |    99 ||   143
         Skin              |       |       |     6 ||     6
  Dodge: Dodged            |    30 |    10 |    58 ||    98
   Form: Flux              |       |       |     1 ||     1

Table legend: (Time is in decaauts)
 A = Elapsed time spent in this place.
 B = Non-inter-level travel time spent in this place.
 C = Inter-level travel time spent in this place.
 D = Time resting spent in this place.
 E = Time spent auto-exploring this place.
 F = Levels seen in this place.
 G = Mean time per level.
                   A        B        C        D        E       F      G
               +--------+--------+--------+--------+--------+-----+--------+
         Total |   2195 |   2045 |    150 |     28 |   1520 |   5 |  439.0 |
       Dungeon |   2195 |   2045 |    150 |     28 |   1520 |   5 |  439.0 |
               +--------+--------+--------+--------+--------+-----+--------+

Top non-repeatable levels by time:
     D:3: 609 daAuts
     D:2: 510 daAuts
     D:4: 431 daAuts
     D:1: 356 daAuts
     D:5: 288 daAuts
